[Event "44th Chess Olympiad Open 2022"]
[Site "Chennai"]
[Date "2022.08.06"]
[Round "8.23"]
[White "Kuybokarov, Temur"]
[Black "Keinanen, Toivo"]
[Result "1/2-1/2"]
[WhiteElo "2583"]
[BlackElo "2477"]
[Annotator "TA"]
[PlyCount "91"]
[EventDate "2022.??.??"]
[TimeControl "60"]

1. e4 e6 2. d4 d5 3. Nc3 Nf6 4. e5 Nfd7 5. f4 c5 6. Nf3 Nc6 7. Be3 Qb6 8. Na4 Qa5+ 9. c3 b6 10. Bd2 c4 11. b4 Nxb4 {[%emt 0:00:00] C11: French: Classical System: 4 e5 and 4 Bg5
dxe4.} 12. cxb4 Bxb4 13. Qc2 Bxd2+ {[%emt 0:00:46] White is slightly better.} 14. Nxd2 O-O 15. Be2 b5 16. Nc3 b4 17. Nd1 f6 18.
Nf3 Qb6 19. Nf2 fxe5 20. fxe5 Nb8 (20... Rxf3 21.
Bxf3 Qxd4 22. O-O $16) 21. O-O Nc6 22. Rad1 (22. Ng5 Rf5 23. Nf3 Nxd4 24. Nxd4 Qxd4 $15) 22... Bd7 $1 {
[%emt 0:01:59][%cal Yc8d7,Yd7e8,Ye8h5,Yh5e2] [#]} 23. h4 $146 (23. Kh1 $14) ({Predecessor:} 23. Qd2 a5 24. h4 Ne7 25. h5 Nf5 26. Kh2 a4 27.
Rb1 Rab8 28. a3 b3 29. g4 {0-1 (42) Frolyanov,D (2532) -Markelova,L (2169)
Kazan 2018}) 23... Rf5 (23... h6 $11) 24. Ng4 (24. Nh3 $16) 24... Raf8 $11 25. Kh1 (25. Kh2
$11) 25... Be8 $1 $15 {[%emt 0:01:56] Black has compensation.} 26. Qd2 Bh5 (26... Bg6 $5 ) 27. Ngh2 Rf4 {[%emt 0:05:25] Against g4} 28. Ng5 (28.
g3 $1 $11 {keeps the balance.} Re4 29. g4 Bxg4 30. Nxg4 Rxg4 31. Nh2 Rxd4 32.
Rxf8+ Kxf8 33. Rf1+ Ke8 34. Qg5) 28... c3 (28... Rxf1+ $17 29.
Rxf1 Rxf1+ 30. Nxf1 c3) 29. Qc1 $2 {[%emt 0:03:34] [#]} Rxf1+ $1 $19 (29... Bxe2 30. Rxf4 Bxd1 31. Rxf8+ Kxf8 32. Qf4+ Ke7 33. Qf7+ Kd8 34.
Nxe6+ Kc8 35. Nc5 $11) 30. Rxf1 Bxe2 31.
Rxf8+ Kxf8 32.
Qf4+ Ke7 33. Qf7+ Kd8 34. Nxe6+ Kc8 35. Nc5 c2 $2 ({Weaker is} 35... Nxd4 36. Qd7+ Kb8 37.
Qe8+ Kc7 38. Qd7+ Kb8 39. Qe8+ Kc7 40. Qd7+ Kb8 $11) (35... Qc7 $19 36. Qg8+ (
36. Qxd5 $2 c2 $19) (36. Qe6+ $2 Kb8 $19) 36... Nd8 37. Qxh7 Nb7 38. Qf5+ Kb8)
36. Qf5+ $11 {[%emt 0:04:40] The position is equal.} Kb8 37.
Qxc2 {[%emt 0:00:34] [#] Hoping for Nd7+.} Nxd4 38. Nd7+ {
[%emt 0:00:26] Pair of Knights!} Kb7 39. Qd2 Qb5 {[%emt 0:01:25] And now ...Ne6 would win.} 40. Qxd4 Qxd7 41. Qxb4+ {[%emt 0:00:00] KQB-KQN} Qb5 42.
Qe7+ Kb6 {[%emt 0:00:00] aiming for ...Qb1+.} 43. Qd6+ Kb7 {[%emt 0:00:00] Threatens to win with ...Qb1+.} 44. Qe7+ Kb6 45. Qd6+ Kb7 {[%emt 0:00:
00] Strongly threatening ...Qb1+.} 46. Qe7+ {[%emt 0:00:00] And White is the
lucky defender. Weighted Error Value: White=0.23 (precise) /Black=0.18 (very
precise)} 1/2-1/2

[Event "44th Chess Olympiad Open 2022"]
[Site "Chennai"]
[Date "2022.08.06"]
[Round "8.23"]
[White "Tan, Justin"]
[Black "Sipila, Vilka"]
[Result "1/2-1/2"]
[WhiteElo "2508"]
[BlackElo "2416"]
[Annotator "TA"]
[PlyCount "132"]
[EventDate "2022.??.??"]
[TimeControl "60"]

1. e4 e6 2. d4 d5 3. e5 c5 4. c3 Nc6 5. Nf3 Bd7 6. Be2 Qb6 7. O-O a5 8. dxc5 {[%emt 0:15:05] C02: French: Advance Variation.} (8.
Na3 $14) 8... Bxc5 $11 9. a4 (9. Nbd2 $5 ) 9... Nge7 10. Bd3 {[%emt 0:00:54] [#]} f6 $146 ({Predecessor:} 10... Ng6 11. Qe2 O-O 12. h4 f5 13. h5 Nge7
14. Na3 Nd8 15. Nb5 Bxb5 16. axb5 Nf7 {1-0 (33) Poliakova,V (2017)-Ajusheva,R 
(1416) Minsk 2022}) 11. exf6 gxf6 12. Nd4 Ne5 (12... Nxd4 {keeps more tension.} 13. Qh5+
Kd8 14. cxd4 Bxd4 15. Nc3 e5) 13. Bb5 Bxd4 (
13... Rg8 {is interesting.} 14. Kh1 Bxb5 15. axb5 Nf7) 14. cxd4 Bxb5 15. axb5 N5g6 16. Nc3 O-O 17. Ra4 Qd6 18. g3 b6 (18... Nf5 $14) 19. Re1 Nf5 20. Qf3 (20. h4 $1 $16)
20... Qd7 21. h4 Rf7 (21... Rae8 $14) 22. h5 $16 Nf8 23. Qd3 Rc8 24. Re2 (
24. Bf4 $16) 24... Rg7 (24... Ng7 $5 ) 25. Bf4 Qf7 {[%emt 0:01:20] [#]} (25... h6 $11 {remains equal.}) 26.
Nxd5 $1 Nxg3 (26... Rd8 27. Ne3) 27. fxg3 exd5 28. Qf5 (28. h6 $5 Qg6 29. Qf3 $16) 28... Qd7 (28... Re8 $1 $14 29.
Rxe8 Qxe8 30. Qxd5+ Qe6 31. Qxe6+ Nxe6) 29. Qxd7 $1 $18 ({Not
} 29. Qxf6 Qxb5 30. Re7 (30. h6 $2 Rg6 $19) 30... Rxe7 31. Qxe7 Qxa4 $11) 29...
Nxd7 30. Re6 (30. Ra3 $18) 30... Rc2 $2 (30... h6 $16) 31. Ra3 Nf8 $2 (31... Rxb2 $2 32. Re8+ Nf8 33. Bh6 $18) (31... Rc8 {is a better defense.} 32.
Rae3 Rf7) 32. Re8 Rxb2 33. Bd6 Rf7 34. Rc3 Kg7 35. Rcc8 $2 (35. Bxf8+ $18 Rxf8 36. Rc7+ Rf7
37. h6+ Kxh6 38. Rxf7) 35... Kh6 $16 36. Bxf8+ Kxh5 37. Bd6 Kg4 (37...
Kg6 $16) 38. Rc3 (38. Re1 $18) 38... Rd7 $2 (
38... Rxb5 $16 {might work better.} 39. Rg8+ Kf5) 39. Bb8 $2 (
39. Ba3 $18 {and White stays clearly on top.} Rxb5 40. Kg2) 39... Rxb5 40. Rg8+ (40. Rc2 $142 $1) 40... Kf5 41. Re3 h5 {[%emt 0:00:23]
Inhibits g4+.} 42. Rf8 {[%emt 0:01:00] White is much more active.} (42. Rge8 $5 ) 42... Kg6 43. Re6 Rf7 44. Rd8 a4 45. Bf4 Kf5 46. Rc6 Ra7 {[%emt 0:04:50]
Hoping for ...a3.} 47. Rdd6 a3 (47... Rf7 $11) 48. Rxf6+ Ke4 49. Rfe6+ Kxd4 50. Be5+ Kd3 {[%emt 0:
00:00] ...d4 is the strong threat.} 51. Rc3+ $1 Kd2 {[%emt 0:
00:00] [#]} (51... Ke4 $16) 52. Rec6 $2 (52. Rf3 $1 $18 {
White threatens Bf4+ and mate.} Ke2 53. Kg2) 52... Rc5 $132 {[%emt 0:06:03]
Black has counterplay} 53. R3xc5 bxc5 54.
Rxc5 $11 {[%emt 0:00:06] Endgame KRB-KR} a2 55. Rxd5+ Ke2 {[%emt 0:00:23] [#]} (55... Ke3 $14) 56. Kg2 $1 $18 {
[%emt 0:00:52] Threatens to win with Ba1.} a1=Q $2 (56... h4)
57. Bxa1 Rxa1 58. Rxh5 {[%emt 0:00:00] KR-KR}
Kd3 59. Re5 Kd4 60. Re8 $2 (60. Rg5 $18 Ke4 61. Rh5) 60... Ra7 $1 $11 {[%emt 0:01:13] The
position is equal.} 61. g4 Ra3 $1 62. Kf2 Rb3 63. Re1 Ra3 64. g5 Ra5 65. Rg1 {[%emt 0:00:40]
Strongly threatening Kf3.} Ke5 66. Kg3 Ra8 $2
{Weighted Error Value: White=0.46/Black=0.43. An unexpected result.} (66... Kf5
$11) 1/2-1/2

[Event "44th Chess Olympiad Open 2022"]
[Site "Chennai"]
[Date "2022.08.06"]
[Round "8.23"]
[White "Sklyarov, Dmitry V."]
[Black "Cheng, Bobby"]
[Result "0-1"]
[WhiteElo "2474"]
[BlackElo "2540"]
[Annotator "TA"]
[PlyCount "144"]
[EventDate "2022.??.??"]
[TimeControl "60"]

1. e4 {[%emt 0:00:01][%cal Ye2e4,
Ye4e5] Rogozenco,D} c5 2. c3 Nf6 3. e5 Nd5 4. d4 cxd4 5. cxd4 d6 6. Nf3 Nc6 7. Bc4 dxe5 8. Bxd5 Qxd5 9. Nc3 Qd6 {[%emt 0:03:10][%cal Re5d4] B22: Sicilian: 2 c3.} 10. d5 Nd4 (10... e4 11. Nxe4 Qb4+ 12. Nc3 $16) 11. Nxd4 exd4 {[%emt 0:00:05] The position is equal.} 12. Qxd4 {[%emt 0:
00:03] Hoping for Nb5.} e5 13. Qd3 Bd7 14. O-O f5 (14... Be7 {
feels hotter.} 15. Re1 O-O 16. f4 exf4 17. Bxf4 Qb6+) 15. Re1 {[%emt 0:13:37]
And now Bf4 would win.} Kf7 16. a4 {[%emt 0:00:00] [#]} Qf6 $5
$146 {[%emt 0:04:19] New and interesting.} ({Predecessor:} 16... a6 17. b3 e4
18. Qh3 Rc8 19. Bb2 Be7 20. Ba3 Qh6 21. Qxh6 gxh6 22. Ne2 Bxa3 23. Rxa3 {
½-½ (64) Sermek,D (2577)-Borisek,J (2443) Terme Zrece 2003 CBM 097 
[Rogozenco,D]}) 17. Bd2 a6 {[%emt 0:07:01] Inhibits Nb5.} 18.
Nd1 Bd6 19. Qb3 b5 20. axb5 axb5 21. Rxa8 Rxa8 22. Bb4 Ra1 23.
Rf1 Bxb4 24. Qxb4 Ra4 25. Qb3 Qd6 {[%emt 0:00:00] Black is more
active.} 26. Nc3 Ra5 27. Na2 {[%emt 0:03:16] Inhibits b4.}
b4 28. Qxb4 Qxb4 ({Of
course not} 28... Qxd5 29. Nc3 Qc5 30. Qh4 $11) 29. Nxb4 $15 {[%emt 0:00:01]
Endgame KRB-KRN} Rb5 30. Nc2 Rc5 (30... Rxb2 $17 31. Ne3 Rd2) 31. Na3 Rxd5 32. Rc1 Ke6 33. f3 g5 34. Nc4 Rc5 35. Kf2 Kf6 36. Rc3 Be6 37.
Ne3 Rb5 38. Rc2 h5 39. h3 Rb6 40. Rd2 Rb5 ({Black should try} 40... Rb4 $15) 41. Nd1 (41. Rc2 $1 $11) 41... Rb4 42. Ne3 Kg6 43. Re2 ({Don't play} 43. Rd6 Rxb2+ 44. Kf1
Kf7 $17) 43... Ra4 44. Rc2 Kf6 45. Rd2 Ra2 46. Nd1 Ra1 47. Nc3 Rc1 48. Ne2 (48. g3 $11 {is superior.}) 48... Rc4 49. Ng3 Kg6 ({Better is} 
49... h4 $15 50. Ne2 Rb4) 50. Re2 f4 (50...
h4 $5 51. Nf1 Kf6 $17) 51. Ne4 g4 52. hxg4 hxg4 53. g3 gxf3 $1 54. Kxf3 {[%emt 0:00:00] [#]} Bd5 $1 55. gxf4 Kf5 56. fxe5 Kxe5 (56... Rxe4 57. Rxe4 Bxe4+ 58. Kg3 $11) 57. Ke3 Bxe4 $17 {[%emt 0:00:09] KRB-KR} ({Much weaker is} 57... Rxe4+
58. Kf3 $11) 58. b4 Rxb4 59. Rd2 Rb3+ 60. Ke2 Bf3+ 61.
Kf2 Kf4 62. Rd4+ Be4 63. Rd2 {[%emt 0:00:00] Against Rb2} Rh3 64.
Ke2 Rg3 65. Kf2 Bd3 66. Ke1 Ke3 67.
Re2+ Kd4 68. Rf2 Kc3 69. Rf4 Rg2 {[%emt 0:00:20] ( -> ...Re2+)} 70.
Rf3 Ra2 71. Rf4 $2 (71. Re3
$17) 71... Re2+ 72. Kd1 {[%emt 0:00:16] [#]} Re3 $1 {[%emt 0:
01:46] Weighted Error Value: White=0.11 (very precise) /Black=0.09 (flawless)}
0-1

[Event "44th Chess Olympiad Open 2022"]
[Site "Chennai"]
[Date "2022.08.06"]
[Round "8.23"]
[White "Koykka, Pekka"]
[Black "Zhao, Zong-Yuan"]
[Result "1/2-1/2"]
[WhiteElo "2361"]
[BlackElo "2513"]
[Annotator "TA"]
[PlyCount "118"]
[EventDate "2022.??.??"]
[TimeControl "60"]

1. e4 e5 2. Nf3 Nf6 3. Nxe5 d6 4.
Nf3 Nxe4 5. Qe2 Qe7 6. d3 Nf6 7. Bg5 Qxe2+ 8. Bxe2 Be7 9. c4
{[%emt 0:04:15] C42: Petroff Defence: 3 Nxe5 and unusual White 3rd moves.} h6 10. Bf4 Nc6 11. Nc3 Bf5 {[%emt 0:00:50] [#]} 12. h3 $146 ({Predecessor:} 
12. O-O-O O-O-O 13. Rhe1 Rhe8 14. a3 d5 15. Nb5 Rd7 16. Nfd4 Nxd4 17. Nxd4 Bh7
18. Bf3 dxc4 19. dxc4 {½-½ (34) Jakubowski,K (2564)-Cyborowski,L (2511)
Czech Republic 2015}) 12... g5 13. Be3 O-O-O 14. O-O-O Be6 15. Nd4 Nxd4 16. Bxd4 c5 17. Be3 d5 18. d4 dxc4 19. dxc5 Nd5 (19... Rhf8 {
is more complex.} 20. Bd4 Nd5 21. Bxc4 Nxc3 22. Bxe6+ fxe6 23. bxc3 Rd5) 20.
Bxc4 Nxe3 21. Bxe6+ fxe6 22. fxe3 Bxc5 23. Kc2 Bxe3 24. Rhe1 Rxd1 25. Nxd1 $11 {[%emt 0:00:20] Endgame KRB-KRN} Bc5 26.
Rxe6 Kd7 27. Rg6 Re8 28. Nc3 Re6 29. Rg7+ Kc6 30. Rh7 b5 31. a4 b4 32. Nb5 a6 33. Nc7 Re2+ 34. Kd3 Rxb2 35. Nxa6 Rxg2 36. Rxh6+ {[%emt 0:01:16] The position is equal.} Kd5 37. Nxc5 {[%emt 0:01:38] [#] Hoping for Nd7.} Kxc5 {[%emt 0:00:
59] KR-KR} 38. Rh8 Rg3+ 39. Kc2 b3+ 40. Kb2 Kb4 {[%emt 0:01:56] [#] (
-> ...Rg2+)} 41. Rb8+ Kxa4 42. Ra8+ Kb4 43. Rb8+ Kc4 44.
Rc8+ Kd4 (44... Kb4 $5 45.
Rb8+ Kc4 $17) 45. Rh8 Ke4 46. Rh6 Kf3 47. Rh5 Kf4 48.
Ka3 Re3 49. Kb2 Rd3 50. Ka3 Rg3 51. Kb2 Kf3 52. Ka3 Ke4 53.
Kb2 Kd4 54. Rh8 Kc4 55. Rc8+ Kd4 56. Rh8 Ke5 57. Rh6 Rf3 58. Ka3 Kd4 {[%emt 0:02:04] Threatens to win with ...Kc3.
} 59. Kb2 Rg3 {[%emt 0:00:52] Weighted Error Value: White=0.
03 (flawless) /Black=0.03 (flawless)} 1/2-1/2

[Event "44th Chess Olympiad Open 2022"]
[Site "Chennai"]
[Date "2022.08.06"]
[Round "8.24"]
[White "Peralta, Fernando"]
[Black "Chukavin, Kirill"]
[Result "1-0"]
[WhiteElo "2591"]
[BlackElo "2418"]
[Annotator "TA"]
[PlyCount "83"]
[EventDate "2022.??.??"]
[TimeControl "60"]

1. d4 Nf6 2. c4 e6 3. Nc3 Bb4 4. e3 O-O 5. Bd3 d5 6. cxd5 exd5 7. a3 {[%emt 0:
00:00] E48: Nimzo-Indian: Rubinstein: 5 Bd3 d5 including 6 Ne2, but excluding
6 a3.} Bd6 8. Qc2 c6 9. Nge2
{[%emt 0:00:19] The position is equal.} a5 10. O-O Na6 11. Bd2 Re8 12.
Ng3 g6 {[%emt 0:08:39] [#]} 13. Rae1 $146 ({
Predecessor:} 13. Nce2 Nc7 14. f3 Ne6 15. f4 Ng7 16. h3 Qc7 17. Rf3 Ne4 18.
Bxe4 dxe4 19. Rf2 {0-1 (56) Arkhipenko,D (2163)-Romanov,E (2599) Lipetsk 2020})
13... c5 14. Bb5 (14. e4 {is interesting.}
cxd4 15. Nxd5 Nxd5 16. exd5 Rxe1 17. Rxe1 Nc5 18. b4) 14... Bd7 15. Bxa6 bxa6 16. dxc5 Bxc5 17. Nxd5 Nxd5 18. Qxc5 Bb5 19. e4 $1 Nc7 20. Bxa5 Bxf1 21. Bxc7 Qd7 22. Ba5 $36 {[%emt 0:14:35][%cal Yc7a5,Ya5c3,Yc3f6]
White is pushing.} ({Much worse is} 22. Nxf1 Rac8 $11) 22... Bb5 23. Bc3 Qe7 {[%emt 0:03:29] [#]} (23... Rac8
$14 24. Qe3 Qd8) 24. Qd4 {[%emt 0:04:19] White is more active.} (24. Qe3 $142
$1 {[%cal Yg3h5] Black must now prevent Nh5!} f6 25. Qf4) 24... f6 $16 25. Qxf6 Qxf6 26. Bxf6 Kf7 27. Bc3 Rad8 28. f3 h5 29. h4 Ke6 30. Kf2 Rf8 31. Ne2 Bxe2 32. Kxe2 {[%emt 0:00:04] Endgame KRR-KRB} Rf4 33. Rh1 Rf7 34. Rh3 Rg8 35. Ke3 Rd7 36.
Ke2 $2 {[%emt 0:00:28] [#]} (36. Rg3 $18) 36... g5 $2 (36...
Rf7 $1 $11 {and Black is okay.}) 37. hxg5 $18 Rxg5 38. g3 Rh7 $2 (38... Kf7 {is a
better defense.} 39. f4 Rg4) 39. f4 Rg4 40. Kf3 Rg8 41. Rh1 Rd7 42. f5+ {[%emt 0:01:16] Weighted Error Value:
White=0.13 (very precise) /Black=0.49} 1-0

[Event "44th Chess Olympiad Open 2022"]
[Site "Chennai"]
[Date "2022.08.06"]
[Round "8.24"]
[White "Krysa, Leandro"]
[Black "Shishkov, Andrei"]
[Result "1/2-1/2"]
[WhiteElo "2515"]
[BlackElo "2366"]
[Annotator "TA"]
[PlyCount "58"]
[EventDate "2022.??.??"]
[TimeControl "60"]

1. d4 Nf6 2. c4 e6 3. Nf3 d5 4. Nc3 c5 5. e3 a6 6. cxd5 exd5 7. Bd3 Nc6 8. O-O Bd6 9. dxc5 Bxc5 10. e4 {[%emt 0:00:26] 10.
b3 might become the main line. D32: Tarrasch Defence: Sidelines and lines
without g3.} d4 11. e5 Nxe5 {[%emt 0:04:28] 
[#]} 12. Nxe5 $146 {[%emt 0:11:27] White is slightly better.} ({Predecessor:} 
12. Re1 dxc3 13. Rxe5+ Be7 14. Qe2 Kf8 15. Bc2 Bd7 16. Bb3 Bb5 17. Rxb5 axb5
18. Ne5 {1-0 (41) Haluschka,R (1700)-Franchino,S (1400) FICGS email 2006})
12... dxc3 13. Qa4+ $40 {[%emt 0:00:05] White attacks.} ({
Of course not} 13. Bc4 Be6 14. Bxe6 fxe6 $11) 13... Bd7 14.
Nxd7 Qxd7 15. Re1+ Be7 16. Qxd7+ Nxd7 17. bxc3 {
[%emt 0:05:34] [#] Ba3 is the strong threat.} Nc5 18. Bc4 {
[%emt 0:14:59] White is more active.} Rd8 ({Better is} 18...
Ne6 $14) 19. a4 Nd3 (19... Ne6 $142) 20. Bxd3
$16 Rxd3 21. Ba3 Rd7 22. Rab1 Kd8 (22... h5 $16 {
was called for.} 23. Kf1 Rh6) 23. Bxe7+ Rxe7 24. Rxe7 Kxe7 25. Rxb7+ $18 {[%emt 0:00:00]
KR-KR} Ke6 26. Rb6+ Kd5 27.
Rxa6 Rc8 28. h4 Rxc3 29. Ra7 Ke6 {[%emt 0:00:38] Weighted Error
Value: White=0.07 (flawless) /Black=0.22 (precise)} 1/2-1/2

[Event "44th Chess Olympiad Open 2022"]
[Site "Chennai"]
[Date "2022.08.06"]
[Round "8.24"]
[White "Volodin, Aleksandr"]
[Black "Perez Ponsa, Federico"]
[Result "1/2-1/2"]
[WhiteElo "2454"]
[BlackElo "2554"]
[Annotator "TA"]
[PlyCount "136"]
[EventDate "2022.??.??"]
[TimeControl "60"]

1. d4 Nf6 2. c4 e6 3. g3 d5 4. Bg2 Bb4+ 5.
Bd2 a5 6. a3 Be7 7. Qc2 O-O 8. Nf3 Nbd7 9. O-O c6 10. Bf4 {
[%emt 0:01:55] E11: Bogo-Indian.} b6 11. Nbd2 Ba6 12. Rfe1 {[%emt 0:03:52] 
[#]} Nh5 $146 ({Predecessor:} 12... c5 13. e4 dxc4 14. d5 exd5
15. exd5 Nxd5 16. Nxc4 Nxf4 17. gxf4 Bf6 18. Rad1 Qc7 {0-1 (37) Magerramov,E 
(2560)-Aleksandrov,A (2450) Smolensk 1991}) 13. Be5 Rc8 ({Don't take} 13... f6 14. cxd5 Nxe5 15. dxe5 cxd5 16. Qc6 $16)
14. e4 Nxe5 (14... g5 {is more complex.} 15.
cxd5 cxd5 16. Qd1 g4) 15. dxe5 d4 16. Nb3 c5 17. Nc1 g6 18. a4 Bb7 19. Nd3 f5 20. exf6 Bxf6 ({Much less
strong is} 20... Nxf6 21. Nf4 $16) 21. e5 Be7 {[%emt 0:01:52]
A strong pair of Bishops.} 22. Qe2 Qd7 23.
Nd2 Bxg2 24. Kxg2 Qc6+ 25. Kg1 Rf7 26. Qg4 Rcf8 27. Re4 Ng7 28.
b3 Rf5 29. Re2 g5 30. h3 h5 31. Qe4 Qxe4 32. Rxe4 Kh7 33. Kg2 Kg6 34. Rf1 R5f7 35. g4 Ne8 36. Re2 Nc7 37. f3 Na6 38. Ne4 Nb4 39. Nxb4 axb4 40. Ra2 hxg4 (40... Ra8 $1 $11) 41. hxg4 $14 Ra8 42. Nf2 {[%emt 0:00:00] White is more
active.} Rh7 43. Rfa1 Bd8 44. Nd3 Bc7 {[%emt 0:00:51] [#] And now ... Rah8 would win.}
45. Rh1 $1 Rxh1 46. Kxh1 {[%emt 0:00:00]
Endgame KRB-KRN} Bd8 47. Kg2 Be7 48. Rf2 Rh8 49. Rf1 Rh7 (49... Kf7 $14 {feels stronger.}) 50. a5 $16 bxa5 51. Ra1 Bd8 52. Nxc5 Bb6 $2 (52... Kf7 $16) 53. Nxe6 $18 Re7 {[%emt 0:01:16] [#]} 54. f4 $1 gxf4 55. Nxf4+ Kg5 56. Nd5 Rxe5 57. Nxb6 Kxg4 {[%emt 0:
00:03] KRN-KR} 58. Rd1 Re2+ 59. Kf1 Re3 (59... Rh2 $142 60. Rxd4+ Kf3 61. Rd3+ Ke4) 60.
Rxd4+ Kf3 61. c5 {[%emt 0:03:01] c6 is the
strong threat.} Rxb3 62. Ke1 Ke3 63. Rd1 $2 (63. Rd7 a4 64. c6) 63... Ke4 64. Rc1 $2 (64. Nd5 $18 {Threatens to win with c6.} Rb2 65.
Nf6+ Ke3 66. Ng4+ Ke4 67. Rc1) 64... Rh3 $14 (64... Rc3 65.
Rxc3 bxc3 66. c6 Kd4 67. c7 Kc5 68. Nd7+ Kd6 69. c8=Q) 65. Rd1 b3 {[%emt 0:00:52] The position is equal.} 66. Nc4 Rh1+ 67. Kd2 Rxd1+ 68. Kxd1 {
[%emt 0:00:03] c6 would kill now.} Kd5 {[%emt 0:00:04][%csl Yc4,Yc5] Weighted
Error Value: White=0.05 (flawless) / Black=0.20 (precise)} 1/2-1/2

[Event "44th Chess Olympiad Open 2022"]
[Site "Chennai"]
[Date "2022.08.06"]
[Round "8.24"]
[White "Kanep, Meelis"]
[Black "Flores, Diego"]
[Result "0-1"]
[WhiteElo "2417"]
[BlackElo "2528"]
[Annotator "TA"]
[PlyCount "70"]
[EventDate "2022.??.??"]
[TimeControl "60"]

1. d4 Nf6 2. c4 e6 3. Nf3 d5 4. g3 Bb4+ 5. Bd2 a5 6.
Bg2 O-O 7. O-O {[%emt 0:00:25] 7.Qc2 is more
fashionable.} dxc4 {[%emt 0:00:21] E11: Bogo-Indian.} 8. Qc2 Bxd2 9. Nbxd2 b5 $1 {[%emt 0:00:09] The
position is equal.} 10. a4 c6 11. b3 cxb3 12. Nxb3 b4 13. e4 {[%emt 0:05:10] Inhibits Nd5.} Nbd7 14. Ne5 Nxe5 15. dxe5 Nd7 16. Qxc6 Ba6 17. Rfd1 Nxe5 18. Rxd8 Nxc6 {[%emt 0:00:08] [#]} 19.
Rd6 $146 ({Predecessor:} 19. Rxa8 Rxa8 20. Rc1 Rc8 21. Rc5 Nb8
22. Rxa5 Rd8 {0-1 (22) Sviridov,V (2569)-Grachev,B (2615) Sochi 2022}) 19...
Ne5 {[%emt 0:09:46] White must now prevent ...Bc4.} 20. Nxa5 (
{White should try} 20. f4 $1 $15 Nc4 21. Rc6) 20... Bd3 $1 $36 {[%emt 0:02:57]
White is under strong pressure.} 21. Nb3 (21. Nc6 $17 {
is a better defense.} b3 22. Nxe5) 21... Rfb8 $2 ({Black
should play} 21... Bc2 $1 $19 22. Nd4 b3 23. Nxc2 bxc2) 22. f4
$11 {[%emt 0:08:43] Strongly threatening Rc1.} Bc2 $1 {[%emt 0:01:03] And now .
..Nc4 would win.} 23. Nd2 {[%emt 0:00:26] Against Nc4} Ng4 {[%emt 0:00:00] ...
b3 is the strong threat.} 24. Bf3 (24. a5 $1 $11) 24... h5 $1
$17 25. h3 Nf6 $1 {[%emt 0:02:44] Threatens
to win with ...b3.} (25... Ne3 26. Kf2 $16) 26. e5 Nd5 $1 27. Nc4 b3 {[%emt 0:00:00]
Hoping for ...b2.} 28. Nb2 h4 {[%emt 0:05:21] Black is more
active.} 29. Kf2 (29. Bxd5 $17 exd5 30. gxh4) 29... hxg3+ 30. Kxg3 {[%emt 0:00:01] [#]} Ra5 (30... Rc8
$1 $19 {aiming for ...Bf5.} 31. Bxd5 exd5 32. Rxd5 Rc3+ 33. Kf2 Be4) 31. Bxd5 exd5 ({Of course not} 31... Rxd5 $6 32. Rxd5
exd5 33. a5 $11) 32. Re1 $2 {[%emt 0:01:11] [#] This move loses the game for
White.} (32. Rc6 $17 {is tougher.}) 32... Rc5 $1 $19 {[%emt 0:01:54] Black is
clearly winning.} 33. Kf2 Rb4 34. e6 fxe6 (34... Rxf4+ $2 35. Kg3 Rf6 36. e7 (36.
Rd8+ Kh7 $11) 36... Rxd6 37. e8=Q+ Kh7 38. Qf8 (38. Qxf7 Rg6+ 39. Kh4 Rh6+ 40.
Kg4 Rg6+ 41. Kh4 Rh6+ 42. Kg3 Rg6+ 43. Kh4 $11) 38... Rc3+ 39. Kf4 Rf6+ 40. Ke5
$18) 35. Rexe6 Be4 {[%emt 0:00:45] Weighted Error Value:
White=0.42/Black=0.19 (very precise)} 0-1

[Event "44th Chess Olympiad Open 2022"]
[Site "Chennai"]
[Date "2022.08.06"]
[Round "8.25"]
[White "Dragnev, Valentin"]
[Black "Murphy, Conor E"]
[Result "1/2-1/2"]
[WhiteElo "2557"]
[BlackElo "2404"]
[Annotator "TA"]
[PlyCount "93"]
[EventDate "2022.??.??"]
[TimeControl "60"]

1. e4 e5 2. Nf3 Nc6 3. Bb5 Nf6 4. d3 Bc5 5. c3 O-O 6. O-O {[%emt 0:00:
00] C65: Ruy Lopez: Berlin Defence (3...Nf6), unusual lines and 4 0-0 Bc5.} d5 7. exd5 Qxd5 8.
Bc4 Qd8 9. Nbd2 a5 10. h3 h6 11. Re1 Re8 {[%emt 0:18:10] [#]} 12. Qb3 $146 ({Predecessor:} 12. Bb5
Qd5 13. d4 exd4 14. Rxe8+ Nxe8 15. Nb3 Bb6 16. Qe2 Nd6 17. Bxc6 bxc6 18. Nbxd4
{0-1 (33) Hansen,E (2606)-Lazavik,D (2465) Chess.com INT 2021}) 12... Re7 13. a4 Rb8 14. Ne4 Nxe4 15. dxe4 Be6 16. Be3 Bxe3 17. Rxe3 Bxc4 18. Qxc4 Rd7 {[%emt 0:00:15] Prevents Rd3.}
19. Ree1 Qf6 20. Rad1 Rbd8 21. Qb3 b6 22. Rxd7 Rxd7 23. Rd1 Qe6 24.
Qc2 Rd6 25. Rxd6 Qxd6 $11 {
[%emt 0:00:12] Endgame KQN-KQN} 26. Qe2 Nb8 27. Qc4 Nd7 28. b4 c6 29. Kh2 Nf8 30. Qb3 Nd7 31. bxa5 bxa5 32. Qb7 {[%emt 0:00:06] Hoping for Qa8+.} Nf8 (32... f5 {
feels hotter.} 33. Nh4 fxe4 34. Nf5 Qd2) 33. Qa7 Qf6 34. Qxa5 Qf4+ 35. Kh1 Qxe4 (35... Qc1+ $14 36. Ng1 Ng6) 36. Nxe5 $2 ({Stronger than} 36. Qxe5 Qxa4 37. g3 f6 $11) (36. Qa8 $18) 36... Qe1+ (36... Qb1+ $1 $11 {keeps the balance.} 37. Kh2 Qf5) 37. Kh2
$16 {[%emt 0:00:01] Strongly threatening Qc5. White is more active.} Qxf2 {
[%emt 0:00:17] [#]} 38. Nf3 $1 ({Reject} 38. Nxc6 $6 Qf4+ 39.
Kh1 Qc1+ 40. Kh2 Qf4+ 41. Kh1 Qc1+ 42. Kh2 Qf4+ $11) 38... Qe3 {[%emt 0:01:28]
[#]} (38... Ne6 $16) 39. Qe5 $2 (39. Qa8 $1 $18) 39... Qa7 $11
{[%emt 0:00:22] The position is equal.} 40. a5 {[%emt 0:02:26] aiming for Nd4.}
c5 {[%emt 0:01:24] Against Nd4} 41. a6 Qxa6 42. Qxc5 Ne6 43. Qe7 Qb5 44. Qb4 Qc6 45. Qb8+ Nf8 46. Qe5 Ng6 47. Qd4 {[%emt 0:03:23] Weighted Error Value: White=0.15 (very precise) /
Black=0.15 (very precise)} 1/2-1/2